 Dungeon Crawl Stone Soup version 0.24.0-125-gc4c63601f3 (webtiles) character file.

Game seed: 1338733996700681628, levelgen mode: deterministic

1257 Curus the Spear-Bearer (level 8, 0/76 HPs)
             Began as a Minotaur Abyssal Knight on Mar 19, 2020.
             Was a Priest of Lugonu.
             Slain by a centaur (5 damage)
             ... on level 5 of the Dungeon.
             The game lasted 00:17:15 (4117 turns).

Curus the Spear-Bearer (Minotaur Abyssal Knight)    Turns: 4117, Time: 00:17:15

Health: 0/76       AC: 11    Str: 16    XL:     8   Next: 26%
Magic:  17/21      EV:  7    Int:  9    God:    Lugonu [***...]
Gold:   221        SH:  0    Dex: 13    Spells: 7/7 levels left

rFire    . . .     SeeInvis .   p - +0 trident
rCold    . . .     Gourm    .   (no shield)
rNeg     . . .     Faith    .   v - +0 chain mail
rPois    +         Spirit   .   (helmet restricted)
rElec    .         Reflect  .   e - +0 cloak
rCorr    .         Harm     .   s - +0 pair of gloves
MR       .....     Clarity  +   (no boots)
Stlth    ..........             g - amulet of rage
HPRegen  0.62/turn              h - ring of poison resistance
MPRegen  0.17/turn              l - ring of magical power

@: no status effects
A: retaliatory headbutt, horns 2, clarity, regeneration 1, robust 2
a: Depart the Abyss, Bend Space, Banish, Renounce Religion, Evoke Berserk Rage


You were on level 5 of the Dungeon.
You worshipped Lugonu.
Lugonu was most pleased with you.
You were near starving.

You visited 1 branch of the dungeon, and saw 6 of its levels.
You visited the Abyss 1 time.

You collected 279 gold pieces.
You spent 58 gold pieces at shops.

Inventory:

Hand Weapons
 a - a +2 spear
 p - a +0 trident (weapon)
Armour
 b - a +0 leather armour
 e - a +0 cloak (worn)
 k - a +0 ring mail
 o - a +1 ring mail of positive energy
 s - a +0 pair of gloves (worn)
 v - a +0 chain mail (worn)
Jewellery
 g - an amulet of rage (around neck)
 h - a ring of poison resistance (left hand)
 l - a ring of magical power (right hand)
 u - a cursed ring of teleportation
Wands
 t - a wand of clouds (6)
Scrolls
 f - a scroll of identify
 j - 3 scrolls of teleportation
 m - a scroll of remove curse
Potions
 d - a potion of agility
 i - a potion of mutation
 q - a potion of invisibility
 r - a potion of cancellation
Comestibles
 c - 9 rations


   Skills:
 - Level 3.6 Fighting
 + Level 8.8 Polearms
 - Level 2.4 Armour
 - Level 1.1 Dodging
 + Level 7.3 Invocations


You had 7 spell levels left.
You didn't know any spells.
Your spell library was empty.

Dungeon Overview and Level Annotations

Branches:
Dungeon (6/15)             Temple (0/1) D:5

Altars:
Ashenzari
Cheibriados
Trog

Shops:
D:5 =

Annotations:
Abyss:1 Pikel


Innate Abilities, Weirdness & Mutations

You reflexively headbutt those who attack you in melee.
You have a pair of horns on your head.
You possess an exceptional clarity of mind.
Your natural rate of healing is unusually fast.
You are very robust. (+20% HP)


Message History

You reach to attack!
You barely miss something.
The centaur shoots an arrow.
The arrow hits you.
* * * LOW HITPOINT WARNING * * *
A magic dart appears from out of thin air!
The magic dart hits you.
* * * LOW HITPOINT WARNING * * *
The centaur shoots an arrow.
The arrow hits you but does no damage.
Press: ? - help, Shift-Dir - straight line Lugonu claims a new guest.
Reactivating autopickup.
You feel a bit more experienced.
You are near starving!
You hit the centaur.
The centaur is severely wounded.
The centaur unwields a +0 shortbow.
The centaur hits you.
* * * LOW HITPOINT WARNING * * *
You puncture the centaur!
The centaur is almost dead.
The centaur hits you.
You die...

..###...........##
######## ###
#............# #
#............# # ##
##..........## ######### #
.# #..........# #.......##
# .# ##........##
##........## # .#
#........## #..........#
##
##........###..........##
#
#........@c§..........?###
#
##....#####§............#.
# ##..## ####...........#
# #..# ####......### #.##
###....# ##.## #..###
#...## #..# #....## ##.##
### ##.....# #..#


You could see a centaur.

Vanquished Creatures
  An ice beast (D:5)
  An ogre (D:4)
  A crimson imp (D:5)
  5 hounds
  A gnoll shaman (D:4)
  3 orc priests
  A jelly (D:5)
  A worker ant (D:4)
  3 orc wizards
  5 gnolls (D:4)
  6 adders
  An ooze (D:1)
  2 adder skeletons
  5 worms
  A dart slug (D:4)
  A leopard gecko (D:5)
  11 orcs
  A ball python (D:3)
  2 giant cockroaches
  6 goblins
  5 hobgoblins
  5 jackals
  2 quokkas
  7 bats
  4 frilled lizards
  8 kobolds
  A quokka skeleton (D:4)
  12 rats
102 creatures vanquished.

Vanquished Creatures (others)
  A hound (D:5)
  A bullfrog skeleton (D:5)
  An orc wizard (D:5)
  A leopard gecko (D:5)
4 creatures vanquished.

Grand Total: 106 creatures vanquished

Notes
Turn   | Place    | Note
-------+----------+-------------------------------------------
     0 | Abyss:1  | Curus the Minotaur Abyssal Knight began the quest for the
                  | Orb.
     0 | Abyss:1  | Reached XP level 1. HP: 19/19 MP: 1/1
    14 | D:1      | Escaped the Abyss
   194 | D:1      | Reached skill level 3 in Polearms
   194 | D:1      | Reached XP level 2. HP: 26/26 MP: 2/2
   472 | D:1      | Reached ** piety under Lugonu
   615 | D:1      | Gained mutation: You possess an exceptional clarity of
                  | mind. [potion of mutation]
   615 | D:1      | Gained mutation: You are robust. (+10% HP) [potion of
                  | mutation]
   615 | D:1      | Gained mutation: Your natural rate of healing is unusually
                  | fast. [potion of mutation]
   615 | D:1      | Gained mutation: You are very robust. (+20% HP) [potion of
                  | mutation]
   775 | D:2      | Reached XP level 3. HP: 27/37 MP: 2/4
   893 | D:2      | Found a snail-covered altar of Cheibriados.
  1001 | D:2      | Found a shattered altar of Ashenzari.
  1280 | D:3      | Reached skill level 4 in Polearms
  1311 | D:3      | Reached XP level 4. HP: 34/46 MP: 5/5
  1926 | D:3      | Reached XP level 5. HP: 54/54 MP: 6/6
  1940 | D:3      | Found a bloodstained altar of Trog.
  2136 | D:4      | Noticed an ogre
  2145 | D:4      | Killed an ogre
  2145 | D:4      | Reached skill level 5 in Polearms
  2248 | D:4      | Reached XP level 6. HP: 61/61 MP: 8/8
  2336 | D:4      | Reached *** piety under Lugonu
  2336 | D:4      | Reached skill level 6 in Polearms
  2349 | D:4      | Reached skill level 5 in Invocations
  2975 | D:5      | Entered Level 5 of the Dungeon
  2975 | D:5      | Noticed Pikel
  2976 | D:5      | Noticed a slave
  2976 | D:5      | Noticed a slave
  2977 | D:5      | Noticed a slave
  2978 | D:5      | Noticed a slave
  2992 | D:4      | Banished Pikel
  2992 | D:4      | Reached skill level 7 in Polearms
  2992 | D:4      | Reached XP level 7. HP: 15/68 MP: 10/10
  3175 | D:5      | Reached skill level 8 in Polearms
  3262 | D:5      | Found Pevideits's Jewellery Shop.
  3270 | D:5      | Bought a cursed ring of teleportation for 58 gold pieces
  3363 | D:5      | Found a staircase to the Ecumenical Temple.
  3433 | D:5      | Reached XP level 8. HP: 73/76 MP: 12/12
  4117 | D:5      | Slain by a centaur

Levels and vault maps discovered:
D:1:      saegor_arrival_miasma, layout_basic
D:2:      layout_basic, ashenzari_altar_1, lemuel_crystal_altar
D:3:      layout_basic, marbit_many_paths
D:4:      layout_layer_cave
D:5:      layout_cave_pods, minmay_temple_entry_statues_pillars, serial_shops,
          shop_fountains, first_ration, uniq_pikel
D:6:      layout_basic

Skill      XL: |  1  2  3  4  5  6  7  8 |
---------------+-------------------------+-----
Invocations    | 2 3 4 6 7 |  7.3
Polearms       | 3 4 5 7 8 |  8.8
Fighting       | |  3.6
Armour         | |  2.4
Dodging        | |  1.1

Action                   |  1- 3 |  4- 6 |  7- 9 || total
-------------------------+-------+-------+-------++-------
Melee: Spear             |   110 |    30 |       ||   140
       Headbutt          |    16 |    12 |    17 ||    45
       Trident           |       |    83 |   125 ||   208
Invok: Banish            |       |       |     2 ||     2
  Use: Potion            |     7 |     2 |     3 ||    12
       Scroll            |     5 |     2 |       ||     7
  Eat: Chunk             |     1 |     4 |     1 ||     6
       Ration            |       |     1 |       ||     1
Armor: Leather armour    |    10 |       |       ||    10
       Ring mail         |    14 |    43 |    10 ||    67
       Chain mail        |       |       |    87 ||    87
Dodge: Dodged            |    34 |    55 |    58 ||   147
